 Dungeon Crawl Stone Soup version 0.28.0-43-g3370ac3207 (webtiles) character file.

Game seed: 10726385641418782167

88 Ablot the Grasshopper (level 4, -8/38 HPs)
             Began as a Gnoll Warper on Mar 4, 2022.
             Mangled by an iguana (14 damage)
             ... on level 4 of the Dungeon.
             The game lasted 00:03:11 (3348 turns).

Ablot the Grasshopper (Gnoll Warper)                Turns: 3348, Time: 00:03:11

Health: -8/38      AC:  3    Str: 12    XL:     4   Next: 53%
Magic:  11/11      EV: 13    Int: 12    God:
Gold:   105        SH:  0    Dex: 12    Spells: 11/13 levels left

rFire   . . .      SeeInvis .   i - +2 short sword (vamp)
rCold   . . .      Faith    .   (no shield)
rNeg    . . .      Spirit   .   b - +0 leather armour
rPois   .          Reflect  .   (no helmet)
rElec   .          Harm     .   t - scarf {+Inv}
rCorr   .          Rampage  .   (no gloves)
Will    .....                   (no boots)
Stlth   +.........              (no amulet)
HPRegen 0.12/turn               e - ring of wizardry
MPRegen 0.12/turn               (no ring)

@: no status effects
A: fangs 1, strong nose, distributed training
a: Evoke Invisibility


You were on level 4 of the Dungeon.
You visited 1 branch of the dungeon, and saw 4 of its levels.

You collected 105 gold pieces.

Inventory:

Hand Weapons
 i - a +2 vampiric short sword (weapon)
Missiles
 d - 5 boomerangs of dispersal
 f - 74 stones
 h - 10 poisoned darts (quivered)
 m - 24 arrows
 o - 3 atropa-tipped darts
 u - 17 bolts
Armour
 b - a +0 leather armour (worn)
 t - a scarf of invisibility (worn)
Jewellery
 e - a ring of wizardry (left hand)
Wands
 j - a wand of paralysis (9)
 s - a wand of flame (29)
Scrolls
 a - a scroll of vulnerability {unknown}
 c - a scroll of blinking
 g - 2 scrolls of identify {unknown}
 n - a scroll of summoning {unknown}
 q - a scroll of enchant weapon {unknown}
Potions
 k - 2 potions of cancellation {unknown}
 l - a potion of lignification {unknown}
 p - a potion of heal wounds {unknown}
 r - 2 potions of curing {unknown}


   Skills:
 + Level 4.6 Fighting
 + Level 4.6 Short Blades
 + Level 1.2 Long Blades
 + Level 1.2 Axes
 + Level 1.2 Maces & Flails
 + Level 1.2 Polearms
 + Level 1.2 Staves
 + Level 1.2 Slings
 + Level 1.2 Bows
 + Level 1.2 Crossbows
 + Level 2.8 Throwing
 + Level 2.8 Armour
 + Level 4.6 Dodging
 + Level 1.2 Stealth
 + Level 1.2 Shields
 + Level 1.2 Unarmed Combat
 + Level 5.1 Spellcasting
 + Level 1.0 Conjurations
 + Level 1.0 Hexes
 + Level 1.0 Summonings
 + Level 1.0 Necromancy
 + Level 5.5 Translocations
 + Level 1.0 Transmutations
 + Level 1.0 Fire Magic
 + Level 1.0 Ice Magic
 + Level 1.0 Air Magic
 + Level 1.0 Earth Magic
 + Level 1.0 Poison Magic
 + Level 1.3 Invocations
 + Level 1.2 Evocations


You had 11 spell levels left.
You knew the following spells:

 Your Spells              Type           Power      Damage    Failure   Level
a - Blink                 Tloc           32%        N/A       1%          2

Your spell library contained the following spells:

 Spells                   Type           Power      Damage    Failure   Level
 Gell's Gravitas          Tloc           16%        N/A       3%          3
 Lesser Beckoning         Tloc           16%        N/A       3%          3
 Teleport Other           Tloc           16%        N/A       3%          3
 Summon Small Mammal      Summ           20%        N/A       7%          1
 Call Canine Familiar     Summ           5%         N/A       21%         3
 Summon Guardian Golem    Hex/Summ       5%         N/A       21%         3
 Manifold Assault         Tloc           16%        N/A       28%         5


Dungeon Overview and Level Annotations

Branches:
Dungeon (4/15)
 Temple: D:4-7

Altars:

Shops:
D:1 (


Innate Abilities, Weirdness & Mutations

You have very sharp teeth.
Your uncanny sense of smell can sniff out nearby items.
Your experience applies equally to all skills.


Message History

The iguana hisses menacingly.
The iguana bites you.
You hit the iguana.
You feel better.
The iguana is severely wounded.
The iguana bites you!
You hit the iguana but do no damage.
The iguana is severely wounded.
The iguana closely misses you.
You completely miss the iguana.
The iguana is severely wounded.
The iguana bites you but does no damage.
You closely miss the iguana.
The iguana is severely wounded.
You hit the iguana but do no damage.
The iguana is severely wounded.
The iguana closely misses you.
You barely miss the iguana.
The iguana is severely wounded.
The iguana bites you!
You are too injured to fight recklessly!
You are too injured to fight recklessly!
You are too injured to fight recklessly!
You are too injured to fight recklessly!
You are too injured to fight recklessly!
You are too injured to fight recklessly!
You are too injured to fight recklessly!
You are too injured to fight recklessly!
You are too injured to fight recklessly!
You are too injured to fight recklessly!
You are too injured to fight recklessly!
You are too injured to fight recklessly!
You are too injured to fight recklessly!
You hit the iguana but do no damage.
The iguana is severely wounded.
The iguana bites you!
* * * LOW HITPOINT WARNING * * *
You hit the iguana.
You feel better.
The iguana is severely wounded.
The iguana bites you!
You die...

#. #......#
#.######......#
#......#......######.
#......#......<....).
......#.......######
.....#.......###
#............
#######.......#.#
#..l@...##..###.#
.....########.## .#
... #..# .# . #.## ..
∆ #.# #.# #.# ∆ #.#
#.#


You could see an iguana.

Vanquished Creatures
  3 adders
  2 dart slugs
  An orc (D:3)
  5 ball pythons
  2 endoplasms
  A giant cockroach (D:2)
  4 goblins
  5 hobgoblins
  5 jackals
  5 quokkas
  7 bats
  2 frilled lizards (D:1)
  6 kobolds
  A rat (D:1)
49 creatures vanquished.

Notes
Turn   | Place    | Note
-------+----------+-------------------------------------------
     0 | D:1      | Ablot the Gnoll Warper began the quest for the Orb.
     0 | D:1      | Reached XP level 1. HP: 20/20 MP: 6/6
   340 | D:1      | Reached XP level 2. HP: 20/26 MP: 7/7
   343 | D:1      | Learned a level 2 spell: Blink
  1165 | D:1      | Found Xinuz's Antique Weapon Shop.
  1251 | D:1      | Reached XP level 3. HP: 27/31 MP: 9/9
  1296 | D:1      | Reached skill level 5 in Spellcasting
  1872 | D:2      | Reached skill level 1 in Invocations
  2151 | D:2      | Found a faded altar of an unknown god.
  2281 | D:2      | Reached skill level 1 in Long Blades
  2281 | D:2      | Reached skill level 1 in Axes
  2281 | D:2      | Reached skill level 1 in Maces & Flails
  2281 | D:2      | Reached skill level 1 in Polearms
  2281 | D:2      | Reached skill level 1 in Staves
  2281 | D:2      | Reached skill level 1 in Slings
  2281 | D:2      | Reached skill level 1 in Bows
  2281 | D:2      | Reached skill level 1 in Crossbows
  2281 | D:2      | Reached skill level 1 in Stealth
  2281 | D:2      | Reached skill level 1 in Shields
  2281 | D:2      | Reached skill level 1 in Unarmed Combat
  2281 | D:2      | Reached skill level 1 in Evocations
  2281 | D:2      | Reached XP level 4. HP: 34/38 MP: 11/11
  3340 | D:4      | Reached skill level 1 in Conjurations
  3340 | D:4      | Reached skill level 1 in Hexes
  3340 | D:4      | Reached skill level 1 in Summonings
  3340 | D:4      | Reached skill level 1 in Necromancy
  3340 | D:4      | Reached skill level 1 in Transmutations
  3340 | D:4      | Reached skill level 1 in Fire Magic
  3340 | D:4      | Reached skill level 1 in Ice Magic
  3340 | D:4      | Reached skill level 1 in Air Magic
  3340 | D:4      | Reached skill level 1 in Earth Magic
  3340 | D:4      | Reached skill level 1 in Poison Magic
  3348 | D:4      | Mangled by an iguana

Illustrated notes

Levels and vault maps discovered:
D:1:      psy_arrival_heroes, layout_basic, serial_shops, shop,
          roderic_serpentine_path
D:2:      layout_basic, hellmonk_ecumenical_altar_inner_sanctum
D:3:      layout_loops_ring
D:4:      layout_rooms, minmay_quantized

Skill      XL: |  1  2  3  4 |
---------------+-------------+-----
Spellcasting   | 5 |  5.1
Invocations    | 1 |  1.3
Long Blades    | 1 |  1.2
Axes           | 1 |  1.2
Maces & Flails | 1 |  1.2
Polearms       | 1 |  1.2
Staves         | 1 |  1.2
Slings         | 1 |  1.2
Bows           | 1 |  1.2
Crossbows      | 1 |  1.2
Stealth        | 1 |  1.2
Shields        | 1 |  1.2
Unarmed Combat | 1 |  1.2
Evocations     | 1 |  1.2
Conjurations   | 1 |  1.0
Hexes          | 1 |  1.0
Summonings     | 1 |  1.0
Necromancy     | 1 |  1.0
Transmutations | 1 |  1.0
Fire Magic     | 1 |  1.0
Ice Magic      | 1 |  1.0
Air Magic      | 1 |  1.0
Earth Magic    | 1 |  1.0
Poison Magic   | 1 |  1.0
Fighting       | |  4.6
Short Blades   | |  4.6
Throwing       | |  2.8
Armour         | |  2.8
Dodging        | |  4.6
Translocations | |  5.5

Action                   |  1- 3 |  4- 6 || total
-------------------------+-------+-------++-------
Melee: Short sword       |   108 |    64 ||   172
       Bite              |    12 |     1 ||    13
       Rapier            |     8 |       ||     8
Armor: Leather armour    |    30 |    10 ||    40
Dodge: Dodged            |    63 |    43 ||   106
